 Dungeon Crawl Stone Soup version 0.17-a0-1804-gf6433eb (webtiles) character file.

83 ithil the Shooter (level 4, 0/29 HPs)
             Began as a High Elf Hunter on Sept 11, 2015.
             Succumbed to an adder's poison
             ... on level 2 of the Dungeon.
             The game lasted 00:13:05 (1716 turns).

ithil the Shooter (High Elf Hunter)                 Turns: 1716, Time: 00:13:05

Health: 0/29       AC:  6    Str: 11    XL:     4   Next: 22%
Magic:  5/5        EV: 13    Int: 14    God:
Gold:   41         SH:  0    Dex: 17    Spells: 0 memorised, 3 levels left

rFire  . . .     SeeInvis .     a - +1 shortbow
rCold  . . .     Clarity  .     d - +0 leather armour
rNeg   . . .     SustAt   .     (no shield)
rPois  .         Gourm    .     p - +0 helmet
rElec  .         Spirit   .     w - +1 cloak
rCorr  .         Warding  .     (no gloves)
rMut   .         Stasis   .     (no boots)
MR     .....                    (no amulet)
Stlth  ++........               (no ring)
                                (no ring)

@: lethally poisoned (0 -> -4), not resistant to hostile enchantments,
unstealthy
A: no striking features
a: no special abilities


You were on level 2 of the Dungeon.
You were not hungry.

You visited 1 branch of the dungeon, and saw 2 of its levels.

You collected 41 gold pieces.

Inventory:

Hand weapons
 a - a +1 shortbow (weapon)
 c - a +0 short sword
 h - a +0 short sword
 m - a +0 club
 t - a +0 short sword
 x - a cursed -1 hunting sling
Missiles
 b - 47 arrows (quivered)
 i - 9 arrows of frost
 j - 12 exploding sling bullets
 k - 73 stones
Armour
 d - a +0 leather armour (worn)
 l - a +0 ring mail
 n - a +0 robe
 p - a +0 helmet (worn)
 s - a +0 ring mail
 w - a +1 cloak (worn)
Jewellery
 f - an uncursed ring of see invisible
Scrolls
 q - a scroll of magic mapping
 v - a scroll of teleportation {unknown}
Comestibles
 e - a bread ration
 g - a beef jerky
 o - a slice of pizza
 z - 3 chunks of flesh


   Skills:
 + Level 2.0 Fighting
 + Level 6.8 Bows
 + Level 0.8 Armour
 + Level 2.8 Dodging
 + Level 1.8 Stealth


You had 3 spell levels left.
You didn't know any spells.

Dungeon Overview and Level Annotations

Branches:
Dungeon (2/15)

Altars:
Qazlal
Sif Muna
Trog
Yredelemnul


Message History

You feel sick.
* * * LOW HITPOINT WARNING * * *
You feel sick.
* * * LOW HITPOINT WARNING * * *
You feel sick.
* * * LOW HITPOINT WARNING * * *
You feel sick.
You aren't carrying any potions.
Read which item? (? for menu, Esc to quit)
As you read the scroll labeled ZUWUNO MAISOPS, it crumbles to dust.
It is a scroll of identify.
Identify which item? (\ to view known items) (? for menu, Esc to quit)
f - an uncursed ring of see invisible Eat which item? (? for menu, Esc to quit)
You aren't quite hungry enough to eat that!
Read which item? (? for menu, Esc to quit)
As you read the scroll labeled SAHEOF GALOORO, it crumbles to dust.
You assume a fearsome visage.
Nothing appears to happen.
It was a scroll of fear.
You die...

*,,,,,*,,*,,.###...........%###
***+*,*,*,<*,*** #(.........#.#
,,,,,**,*,**,* #..........#.#
,,,,,,*,*,,,,* ###..........#.#
,,,,,,*,******
#....#########<### ,,,,,,,,*
#.#### #....† ,,,,,****
#.#*#########..... ,,,,,*
#.#............... ******
###@................
*****#######.(......>..........
*,,,,.......(#.....#..####.....
*,,,,.......(.........* #...[.
*,,,,..........#.#...#* #.....
*,,,,.......(........#* #.....
***,,,,..........#.#....*
#####.
,,,,,,,.................* ##
,,,,,,,.(......#.....#.,* #


There were no monsters in sight!

Vanquished Creatures
  5 adders (D:2)
  3 worms (D:2)
  A ball python (D:1)
  3 bats (D:2)
  2 goblins
  4 hobgoblins
  4 kobolds
  2 giant newts (D:1)
  A quokka (D:1)
  6 rats
31 creatures vanquished.

Notes
Turn   | Place    | Note
--------------------------------------------------------------
     0 | D:1      | ithil the High Elf Hunter began the quest for the Orb.
     0 | D:1      | Reached XP level 1. HP: 14/14 MP: 2/2
   657 | D:1      | Reached XP level 2. HP: 19/19 MP: 3/3
  1121 | D:2      | Reached skill level 6 in Bows
  1335 | D:2      | Found a stormy altar of Qazlal.
  1340 | D:2      | Found a deep blue altar of Sif Muna.
  1340 | D:2      | Found a bloodstained altar of Trog.
  1349 | D:2      | Found a basalt altar of Yredelemnul.
  1539 | D:2      | Reached XP level 3. HP: 24/24 MP: 4/4
  1687 | D:2      | Reached XP level 4. HP: 26/29 MP: 5/5
  1714 | D:2      | HP: 1/29 [poisoned by an adder]
  1716 | D:2      | Succumbed to an adder's poison

Vault maps used:
D:1:      dpeg_arrival_round_b
D:2:      old_standard_altar, minitemple, first_bread, st_stairs_2

Action                   |  1- 3 |  4- 6 || total
-------------------------+-------+-------++-------
 Fire: Shortbow          |    96 |    11 ||   107
  Use: Scroll            |     4 |     2 ||     6
       Potion            |     1 |       ||     1
  Eat: Chunk             |     1 |     1 ||     2
